 Dungeon Sprint DCSS version 0.21-a0-50-g941c862 (webtiles) character file.

1257 Kidiri the Grappler (level 8, 0/130 HPs)
             Began as a Troll Monk on June 11, 2017.
             Was a Priest of Wu Jian.
             Succumbed to Sonja's poison
             ... in the Dungeon (Sprint I: "Red Sonja").
             The game lasted 00:03:00 (367 turns).

Kidiri the Grappler (Troll Monk)                     Turns: 367, Time: 00:03:01

Health: 0/130      AC:  5    Str: 25    XL:     8   Next: 27%
Magic:  9/9        EV: 10    Int:  6    God:    Wu Jian [***...]
Gold:   191        SH: 15    Dex: 14    Spells: 7/7 levels left

rFire    . . .     SeeInvis .     - Unarmed
rCold    + . .     Gourm    +   l - +1 large shield {rC+}
rNeg     . . .     Faith    .   a - +0 robe
rPois    .         Spirit   .   (helmet restricted)
rElec    .         Reflect  .   (no cloak)
rCorr    .         Harm     .   (gloves unavailable)
MR       .....     NoTele   +   (boots unavailable)
Stlth    ..........             (no amulet)
Regen    0.8/turn               (no ring)
MPRegen  0.2/turn               (no ring)

@: berserking (expiring), lethally poisoned (0 -> -29), slowed
A: unfitting armour, claws 3, fast metabolism 3, gourmand, regeneration 1,
shaggy fur 1, tough skin 2
a: Renounce Religion


You were in the Dungeon.
You worshipped Wu Jian.
Wu Jian was most pleased with you.
You were completely stuffed.

You visited 1 branch You collected 405 gold pieces.
You spent 214 gold pieces at shops.

Inventory:

Armour
 a - a +0 robe (worn)
 l - a +1 large shield of cold resistance (worn)
Wands
 k - a wand of acid (5/15)
Scrolls
 h - a scroll of blinking
Potions
 d - a potion of heal wounds
 e - a potion of haste
 f - 2 potions of magic
Books
 j - a book of Necromancy

   Spells                             Type                      Level
   a - Pain                           Necromancy                   1
   b - Animate Skeleton               Necromancy                   1
   c - Vampiric Draining              Necromancy                   3
   d - Regeneration                   Charms/Necromancy            3
   e - Animate Dead                   Necromancy                   4
   f - Control Undead                 Necromancy                   4
Comestibles
 b - 2 bread rations
 i - 5 chunks of flesh


   Skills:
 * Level 7.4 Fighting
 + Level 4.7 Armour
 * Level 7.4 Dodging
 * Level 5.3 Stealth
 + Level 2.5 Shields
 * Level 9.0 Unarmed Combat
 + Level 2.7 Evocations


You had 7 spell levels left.
You didn't know any spells.

Dungeon Overview and Level Annotations

Branches:
Dungeon (1/1)

Altars:
Cheibriados
Dithmenos
Elyvilon
Fedhas
Gozag
Hepliaklqana
Kikubaaqudgha
Makhleb
Nemelex Xobeh
Okawaru
Qazlal
Ru
Sif Muna
Trog
Uskayaw
Vehumet
Wu Jian
Xom
Yredelemnul
Zin
The Shining One
Jiyva
Lugonu

Shops:
D [

Annotations:
D Sonja


Innate Abilities, Weirdness & Mutations

You are too large for most types of armour.
You have claws for hands.
Your metabolism is lightning-fast.
You like to eat raw meat.
Your natural rate of healing is unusually fast.
You are covered in fur. (AC +1)
You have very tough skin. (AC +2)


Message History

You block Sonja's attack.
Sonja hits you with an uncursed dagger of venom.
* * * LOW HITPOINT WARNING * * *
Sonja hits you but does no damage.
Sonja hits you with an uncursed dagger of venom.
* * * LOW HITPOINT WARNING * * *
You are more poisoned.
You spin and attack Sonja.
You closely miss Sonja.
Sonja is moderately wounded.
* * * LOW HITPOINT WARNING * * *
You feel very sick.
Sonja hits you with an uncursed dagger of venom.
* * * LOW HITPOINT WARNING * * *
Sonja hits you but does no damage.
You are more poisoned.
You block Sonja's attack.
There is a radiant altar of Vehumet, spattered with blood here.
You spin and attack Sonja.
You claw Sonja!
Sonja is severely wounded.
You die...

##########################
#<.#..'..#..'..#__#..+...#
#..'[.#.)').#..+^.+..#)).#
#..#####+#####'#__####...+
#..####..#...#.#### #####
#..#__####..##)#
#..#_____##+#_.+
#⌠⌠#_.∩...+..._#
####_..__##_@#+#
#_____###K#.#
#########(### +$.(+ #$((#
##.## #+#


You could see Sonja.

Vanquished Creatures
  2 kobold demonologists (D)
  A slime creature (D)
  Sigmund (D)
  A yak (D)
  A floating eye (D)
  An ogre (D)
  A jelly (D)
  Ijyb (D)
9 creatures vanquished.

Notes
Turn   | Place    | Note
-------+----------+-------------------------------------------
     0 | D        | Kidiri the Troll Monk began the quest for the Orb.
     0 | D        | Reached XP level 1. HP: 22/22 MP: 0/0
     1 | D        | Noticed Ijyb
    19 | D        | Killed Ijyb
    19 | D        | Reached skill level 1 in Armour
    19 | D        | Reached skill level 4 in Unarmed Combat
    19 | D        | Reached XP level 2. HP: 21/31 MP: 1/1
    39 | D        | Noticed an ogre
    44 | D        | Killed an ogre
    44 | D        | Reached skill level 5 in Unarmed Combat
    44 | D        | Reached XP level 3. HP: 34/40 MP: 2/2
    44 | D        | Reached XP level 4. HP: 41/49 MP: 3/3
    58 | D        | Noticed Sigmund
    66 | D        | Killed Sigmund
    66 | D        | Reached skill level 5 in Fighting
    66 | D        | Reached skill level 5 in Dodging
    66 | D        | Reached skill level 6 in Unarmed Combat
    66 | D        | Reached XP level 5. HP: 32/57 MP: 4/4
    66 | D        | Reached XP level 6. HP: 37/66 MP: 5/5
   114 | D        | Found a deep blue altar of Sif Muna.
   115 | D        | Found an ornate altar of the Wu Jian Council.
   116 | D        | Found a radiant altar of Vehumet.
   119 | D        | Became a worshipper of the Wu Jian Council
   119 | D        | Reached * piety under Wu Jian
   119 | D        | Reached ** piety under Wu Jian
   155 | D        | Found Zeerinevia's Armour Emporium.
   155 | D        | Found an ancient bone altar of Kikubaaqudgha.
   155 | D        | Found a hazy altar of Hepliaklqana.
   155 | D        | Found a stormy altar of Qazlal.
   155 | D        | Found a hide-covered altar of Uskayaw.
   155 | D        | Found a blossoming altar of Fedhas.
   155 | D        | Found a bloodstained altar of Trog.
   155 | D        | Found an iron altar of Okawaru.
   155 | D        | Found a basalt altar of Yredelemnul.
   155 | D        | Found a glowing golden altar of the Shining One.
   155 | D        | Found a snail-covered altar of Cheibriados.
   155 | D        | Found a sacrificial altar of Ru.
   155 | D        | Found a glowing silver altar of Zin.
   155 | D        | Found a shadowy altar of Dithmenos.
   155 | D        | Found a white marble altar of Elyvilon.
   155 | D        | Noticed a yak
   156 | D        | Found an opulent altar of Gozag.
   163 | D        | Killed a yak
   163 | D        | Reached skill level 7 in Unarmed Combat
   163 | D        | Reached skill level 1 in Evocations
   169 | D        | Found a sparkling altar of Nemelex Xobeh.
   173 | D        | Bought a +1 large shield of cold resistance for 214 gold pieces
   193 | D        | Found a burning altar of Makhleb.
   193 | D        | Found a viscous altar of Jiyva.
   193 | D        | Found a shimmering altar of Xom.
   193 | D        | Found a corrupted altar of Lugonu.
   193 | D        | Noticed a slime creature
   199 | D        | Killed a slime creature
   199 | D        | Reached skill level 1 in Shields
   199 | D        | Reached XP level 7. HP: 44/76 MP: 5/7
   253 | D        | Noticed a kobold demonologist
   254 | D        | Noticed a kobold demonologist
   255 | D        | Paralysed by a floating eye for 3 turns
   263 | D        | Reached *** piety under Wu Jian
   263 | D        | Reached skill level 8 in Unarmed Combat
   265 | D        | Noticed a sun demon
   267 | D        | Killed a kobold demonologist
   267 | D        | Reached skill level 5 in Stealth
   267 | D        | Reached XP level 8. HP: 61/87 MP: 8/8
   269 | D        | Killed a kobold demonologist
   269 | D        | Reached skill level 9 in Unarmed Combat
   342 | D        | Noticed Sonja
   366 | D        | HP: 4/130 [poisoned by Sonja]
   367 | D        | Succumbed to Sonja's poison

Vault maps used:
D:        dungeon_sprint_1

Skill      XL: |  1  2  3  4  5  6  7  8 |
---------------+-------------------------+-----
Fighting       | 3 4 5 6 7 |  7.4
Armour         | 1 2 3 4 |  4.7
Dodging        | 3 4 5 6 7 |  7.4
Unarmed Combat | 4 5 6 7 8 9 |  9.0
Stealth        | 2 3 4 5 |  5.3
Evocations     | 1 2 |  2.7
Shields        | 1 2 |  2.5

Action                   |  1- 3 |  4- 6 |  7- 9 || total
-------------------------+-------+-------+-------++-------
Melee: Unarmed           |    20 |    18 |    36 ||    74
       Punch             |     1 |     1 |     2 ||     4
  Use: Potion            |       |       |     2 ||     2
 Stab: Sleeping          |       |     1 |     1 ||     2
  Eat: Chunk             |     3 |     4 |     2 ||     9
Armor: Robe              |     8 |     1 |    12 ||    21
Dodge: Dodged            |     4 |     6 |    19 ||    29
Block: Large shield      |       |       |    20 ||    20
